 Dungeon Crawl Stone Soup version 0.18-a0-1784-ga939a68 (webtiles) character file.

2618 dcssunderhound the Severer (level 9, -1/70 HPs)
             Began as a Hill Orc Fighter on Apr 19, 2016.
             Was a Follower of Qazlal.
             Slain by Menkaure (17 damage)
             ... on level 8 of the Dungeon.
             The game lasted 00:14:26 (6384 turns).

dcssunderhound the Severer (Hill Orc Fighter)       Turns: 6384, Time: 00:14:26

Health: -1/70      AC:  9    Str: 21    XL:     9   Next: 60%
Magic:  0/9        EV:  8    Int:  9    God:    Qazlal [*.....]
Gold:   330        SH: 10    Dex: 10    Spells: 0 memorised, 8 levels left

rFire  . . .     SeeInvis .     a - +1 war axe
rCold  . . .     Gourm    .     b - +0 scale mail
rNeg   . . .     Faith    .     c - +0 shield
rPois  .         Spirit   +     n - +0 helmet
rElec  .         Dismiss  .     (no cloak)
rCorr  +         Reflect  .     z - +0 pair of gloves
SustAt .         Harm     .     (no boots)
MR     .....                    A - amulet of guardian spirit
Stlth  ..........               v - ring of resist corrosion
                                w - +1 ring of evasion

@: not resistant to hostile enchantments, extremely unstealthy
A: no striking features
a: Renounce Religion


You were on level 8 of the Dungeon.
You worshipped Qazlal.
Qazlal was aware of your devotion.
You were not hungry.

You visited 2 branches of the dungeon, and saw 9 of its levels.

You collected 330 gold pieces.

Inventory:

Hand Weapons
 a - a +1 war axe (weapon)
Missiles
 r - a throwing net (quivered)
Armour
 b - a +0 scale mail (worn)
 c - a +0 shield (worn)
 n - a +0 helmet (worn)
 z - a +0 pair of gloves (worn)
Jewellery
 t - an uncursed ring of stealth
 v - a ring of resist corrosion (right hand)
 w - a +1 ring of evasion (left hand)
 A - an amulet of guardian spirit (around neck)
Scrolls
 g - a scroll of remove curse
 h - a scroll of teleportation {unknown}
 j - a scroll of random uselessness {unknown}
 k - 2 scrolls of blinking
 l - 7 scrolls of identify
 m - a scroll of amnesia
 y - 2 scrolls of magic mapping
Potions
 d - 2 potions of might
 e - 5 potions of heal wounds
 i - 2 potions of curing
 o - 2 potions of degeneration {unknown}
 q - a potion of lignification
Comestibles
 f - 7 bread rations
 x - a beef jerky
 B - 2 slices of pizza


   Skills:
 - Level 3.6 Fighting
 + Level 15.7 Axes
 - Level 3.2 Armour
 - Level 3.2 Shields


You had 8 spell levels left.
You didn't know any spells.

Dungeon Overview and Level Annotations

Branches:
Dungeon (8/15)             Temple (1/1) D:4
   Lair: D:8-11

Altars:
Ashenzari
Cheibriados
Dithmenos
Elyvilon
Fedhas
Gozag
Kikubaaqudgha
Makhleb
Nemelex Xobeh
Okawaru
Pakellas
Qazlal
Sif Muna
Trog
Vehumet
Xom
Yredelemnul
Zin
The Shining One

Shops:
D:6 =

Annotations:
D:8 Menkaure


Message History

Your body is wracked with pain!
Menkaure casts a spell at you. Pain shoots through your body!
There is a stone staircase leading down here.
Menkaure hits you. Qazlal accepts your kill.
Reactivating autopickup.
You feel a bit more experienced.
Menkaure grins.
Menkaure calls on the powers of darkness!
Your body is wracked with pain!
* * * LOW HITPOINT WARNING * * *
You climb downwards.
There is a stone staircase leading up here.
You slash Menkaure!
Menkaure is moderately damaged.
You hit Menkaure.
Menkaure is heavily damaged.
Menkaure hits you!!
You die...

.# .. #.#
#..# #..#
#..
#.########
#.@......#
#..M.....#
#........#
#........#
#........#
#........#
#........#
#........#


You could see Menkaure.

Vanquished Creatures
  Grinder (D:5)
  Sigmund (D:3)
  The ghost of Arkorax the Cudgeler, an amateur GrGl of Xom (D:4)
  2 sky beasts
  An ice beast (D:6)
  A black bear (D:6)
  An ogre (D:6)
  3 centaurs
  3 giant frogs (D:6)
  Blork the orc (D:6)
  A wyvern zombie (D:6)
  2 scorpions
  The ghost of harness01 the Skirmisher, a weakling DsAK of Lugonu (D:3)
  2 vampire bats (D:3)
  3 wights (D:6)
  A howler monkey (D:4)
  A centaur zombie (D:6)
  3 orc priests (D:4)
  A centaur skeleton (D:4)
  2 hounds
  3 jellies
  Ijyb (D:2)
  Jessica (D:3)
  3 iguanas
  An orc wizard (D:4)
  5 worker ants
  A killer bee zombie (D:4)
  A hound skeleton (D:4)
  A howler monkey zombie (D:6)
  Robin (D:2)
  4 adders
  3 gnolls (D:6)
  2 oozes
  An adder skeleton (D:5)
  3 worms
  A dart slug (D:1)
  3 giant geckos
  10 orcs
  3 bat skeletons (D:3)
  4 bat zombies (D:3)
  7 giant cockroaches
  20 goblins
  9 hobgoblins
  3 jackals (D:5)
  3 quokkas
  2 ball pythons
  6 bats
  A giant gecko zombie (D:5)
  4 giant newts
  11 kobolds
  A quokka skeleton (D:6)
  12 rats
163 creatures vanquished.

Vanquished Creatures (others)
  A human (D:6)
1 creature vanquished.

Grand Total: 164 creatures vanquished

Notes
Turn   | Place    | Note
--------------------------------------------------------------
     0 | D:1      | dcssunderhound the Hill Orc Fighter began the quest for the Orb.
     0 | D:1      | Reached XP level 1. HP: 19/19 MP: 1/1
   247 | D:1      | Reached skill level 3 in Axes
   324 | D:1      | Reached XP level 2. HP: 26/26 MP: 2/2
   443 | D:1      | Reached skill level 4 in Axes
   638 | D:1      | Reached XP level 3. HP: 31/31 MP: 3/3
   868 | D:2      | Noticed Robin
   873 | D:2      | Reached skill level 5 in Axes
   877 | D:2      | Killed Robin
   925 | D:2      | Reached XP level 4. HP: 27/39 MP: 4/4
   958 | D:2      | Noticed Ijyb
   968 | D:2      | Killed Ijyb
   968 | D:2      | Reached skill level 6 in Axes
  1365 | D:2      | Reached XP level 5. HP: 45/45 MP: 5/5
  1562 | D:3      | Noticed harness01's ghost (weakling DsAK)
  1578 | D:3      | Killed harness01's ghost
  1578 | D:3      | Reached skill level 7 in Axes
  1872 | D:3      | Noticed Jessica
  1884 | D:3      | Killed Jessica
  2158 | D:3      | Found an ancient bone altar of Kikubaaqudgha.
  2171 | D:3      | Reached skill level 8 in Axes
  2171 | D:3      | Reached XP level 6. HP: 44/51 MP: 6/6
  2262 | D:3      | Noticed Sigmund
  2276 | D:3      | Killed Sigmund
  2276 | D:3      | Reached skill level 9 in Axes
  2276 | D:3      | Reached XP level 7. HP: 36/57 MP: 7/7
  2654 | D:4      | Reached skill level 10 in Axes
  2824 | D:4      | Noticed Arkorax's ghost (amateur GrGl)
  3479 | D:4      | Found a white marble altar of Elyvilon.
  3717 | D:4      | Found a basalt altar of Yredelemnul.
  3847 | D:4      | Reached skill level 11 in Axes
  4023 | D:4      | Found a staircase to the Ecumenical Temple.
  4061 | Temple   | Entered the Ecumenical Temple
  4140 | Temple   | Became a worshipper of Qazlal Stormbringer
  4271 | D:4      | Killed Arkorax's ghost
  4271 | D:4      | Reached XP level 8. HP: 58/64 MP: 8/8
  4362 | D:4      | Reached skill level 12 in Axes
  4377 | D:5      | Entered Level 5 of the Dungeon
  4981 | D:5      | Noticed Grinder
  4996 | D:5      | Killed Grinder
  4996 | D:5      | Reached skill level 13 in Axes
  5335 | D:6      | Found an ancient bone altar of Kikubaaqudgha.
  5390 | D:6      | Found Ilopsuffa's Jewellery Shoppe.
  5397 | D:6      | XXXX: Ring of Slaying + Artifact of Blinking
  5413 | D:6      | Reached XP level 9. HP: 69/70 MP: 9/9
  5424 | D:6      | Reached skill level 14 in Axes
  5600 | D:6      | Noticed Blork the orc
  5610 | D:6      | Killed Blork the orc
  5805 | D:6      | Found a bloodstained altar of Trog.
  5819 | D:6      | Found a radiant altar of Vehumet.
  5821 | D:6      | Found a glowing silver altar of Zin.
  5844 | D:6      | Reached skill level 15 in Axes
  5976 | D:6      | Reached * piety under Qazlal
  6026 | D:6      | Found a snail-covered altar of Cheibriados.
  6372 | D:7      | Noticed Menkaure
  6384 | D:8      | Slain by Menkaure

Vault maps used:
D:1:      lightli_arrival_chessboard
D:2:      uniq_iyjb, uniq_robin
D:3:      kennysheep_vampire_church, first_bread, uniq_jessica, uniq_sigmund
D:4:      kennysheep_ying_yang, temple_hall, st_stairs_3, minivault_24,
          minmay_misc_feat_x, hangedman_minor_gate_pass
D:5:      uniq_grinder
D:6:      cheibriados_altar_1, minitemple, serial_shops, shop,
          minmay_statues_item, tgw_kikubaaqudgha, uniq_blork_the_orc
D:7:      grunt_ministairs_2, uniq_crazy_yiuf_cottage, uniq_menkaure
D:8:      serial_shops, kennysheep_mini_moat
Temple:   circular_temple_12

Skill      XL: |  1  2  3  4  5  6  7  8  9 |
---------------+----------------------------+-----
Axes           | 3 4 5 6 8 9 11 13 15 | 15.7
Fighting       | |  3.6
Armour         | |  3.2
Shields        | |  3.2

Action                   |  1- 3 |  4- 6 |  7- 9 || total
-------------------------+-------+-------+-------++-------
Melee: War axe           |   101 |   187 |   332 ||   620
  Use: Scroll            |     1 |       |     4 ||     5
       Potion            |       |       |     7 ||     7
  Eat: Chunk             |       |     2 |    12 ||    14
       Fruit             |       |     1 |     2 ||     3
       Beef jerky        |       |       |     1 ||     1
Armor: Scale mail        |    44 |   102 |   113 ||   259
Dodge: Dodged            |    40 |    63 |    79 ||   182
Block: Shield            |    57 |   104 |   125 ||   286
